AoeStats
← Roman

Runestones

507756591Analyzed
1v1 RM · 13d ago on Sep 19, 2026· 31m 7s· 2 players
Game mode
Random Map
Map size
Tiny (2 player)
Population
200
Speed
Normal
Resources
Standard
Victory
Conquest
Starting age
Dark Age
Ending age
Imperial Age
RankedLock teamsTeams togetherTeam positionsShared explorationLock speedFull tech treeHidden civsTurbo modeCheats
Victory
Defeat
🇨🇱 Romans · Chile
1345
+15
🇲🇽 Mongols · Mexico
1321
-15
El senor AOE
8:43 Feudal Age
9:15 Double-Bit Axe
10:38 Loom
15:37 Wheelbarrow
16:18 Horse Collar
22:38 Castle Age
20:50 Forging
21:43 Scale Barding Armor
22:58 Bloodlines
23:21 Husbandry
Roman
5:46 Loom
9:05 Feudal Age
9:26 Man-at-Arms
10:03 Double-Bit Axe
10:58 Scale Mail Armor
21:01 Castle Age
19:44 Horse Collar
20:35 Bloodlines
20:53 Scale Barding Armor
22:11 Forging
23:25 Husbandry
25:43 Bow Saw
26:32 Chain Barding Armor
26:01 Pikeman
Connection lost

Rejoining the realm…

Still unreachable

The connection could not be restored.

Session expired

The server has moved on; the page needs a fresh start.